 Dungeon Crawl Stone Soup version 0.19-a0-1896-g611e798 (webtiles) character file.

926 Flanowski the Slasher (level 7, -5/127 HPs)
             Began as a Demonspawn Gladiator on Oct 19, 2016.
             Slain by GsBirdie's ghost (7 damage)
             ... on level 6 of the Dungeon.
             The game lasted 00:09:12 (5063 turns).

Flanowski the Slasher (Demonspawn Gladiator)        Turns: 5063, Time: 00:09:12

Health: -5/127     AC: 23    Str: 19    XL:     7   Next: 85%
Magic:  7/7        EV:  2    Int: 12    God:
Gold:   235        SH:  0    Dex: 18    Spells: 0 memorised, 6 levels left

rFire  . . .     SeeInvis +     B - +0 long sword
rCold  + . .     Gourm    .     (armour currently unavailable)
rNeg   + + +     Faith    .     (no shield)
rPois  +         Spirit   .     (helmet currently unavailable)
rElec  .         Reflect  .     (cloak currently unavailable)
rCorr  .         Harm     .     (gloves currently unavailable)
MR     .....     NoTele   +     (boots unavailable)
Stlth  ..........               b - amulet of regeneration
                                s - ring of Fyladd {rC+ rN+ Str-3 Int+2 Slay+2}
                                x - ring of see invisible

@: agile, berserking (expiring), tree-form, very quick
A: (hooves 0), (slimy green scales 0), deterioration 1, nightstalker 1
a: no special abilities


You were on level 6 of the Dungeon.
You were not hungry.
You were a tree.
You visited 1 branch of the dungeon, and saw 6 of its levels.

You collected 235 gold pieces.

Inventory:

Hand Weapons
 B - a +0 long sword (weapon)
Missiles
 d - 3 throwing nets (quivered)
Armour
 c - a +0 helmet (melded)
 z - a +0 plate armour of magic resistance (melded)
Jewellery
 a - a +2 ring of slaying {unknown}
 b - an amulet of regeneration (around neck)
 l - an uncursed amulet of faith
 s - the ring of Fyladd (right branch) {rC+ rN+ Str-3 Int+2 Slay+2}
   (You found it on level 4 of the Dungeon)

   [ring of positive energy]

   It affects your strength (-3).
   It affects your intelligence (+2).
   It affects your accuracy and damage with ranged weapons and melee attacks
   (+2).
   It protects you from cold.
   It protects you from negative energy.
 x - a ring of see invisible (left branch)
 y - an uncursed ring of resist corrosion
Wands
 q - a wand of confusion (17/48)
 D - a wand of iceblast (3/15)
Scrolls
 g - 3 scrolls of magic mapping
 j - 3 scrolls of enchant weapon {unknown}
 p - a scroll of remove curse
 r - a scroll of teleportation
 t - a scroll of recharging {unknown}
 A - 2 scrolls of fog {unknown}
Potions
 k - 2 potions of lignification
 w - a potion of haste {unknown}
 C - a potion of curing {unknown}
 E - a potion of experience {unknown}
 F - a potion of invisibility {unknown}
Books
 i - a book of Maledictions

   Spells                             Type                      Level
   a - Corona                         Hexes                        1
   b - Ensorcelled Hibernation        Hexes/Ice                    2
   c - Confuse                        Hexes                        3
   d - Tukima's Dance                 Hexes                        3
   e - Dazzling Spray                 Conjuration/Hexes            3
Comestibles
 f - 4 bread rations
 h - 5 meat rations
 m - 7 chunks of flesh
 n - 2 fruits


   Skills:
 * Level 5.8 Fighting
 + Level 6.8 Long Blades
 - Level 1.7 Throwing
 + Level 0.5 Armour
 * Level 3.1 Dodging


You had 6 spell levels left.
You didn't know any spells.

Dungeon Overview and Level Annotations

Branches:
Dungeon (6/15)
 Temple: D:4-7

Altars:
The Shining One

Annotations:
D:6 GsBirdie's ghost, novice MiBe


Innate Abilities, Weirdness & Mutations

((You have hooves in place of feet.))
((You are partially covered in slimy green scales. (AC +2)))
You are slightly more attuned to the shadows.
Your body sometimes deteriorates upon taking damage.


Message History

GsBirdie's ghost is moderately damaged.
GsBirdie's ghost hits you but does no damage.
You hit GsBirdie's ghost but do no damage.
GsBirdie's ghost is moderately damaged.
GsBirdie's ghost hits you but does no damage.
You hit GsBirdie's ghost.
GsBirdie's ghost is moderately damaged.
You hit GsBirdie's ghost.
GsBirdie's ghost is heavily damaged.
GsBirdie's ghost hits you!
* * * LOW HITPOINT WARNING * * *
You hit GsBirdie's ghost but do no damage.
GsBirdie's ghost is heavily damaged.
GsBirdie's ghost hits you but does no damage.
You completely miss GsBirdie's ghost.
GsBirdie's ghost is heavily damaged.
You hit GsBirdie's ghost.
GsBirdie's ghost is heavily damaged.
GsBirdie's ghost hits you!
You die...

#.#.#####.#
#.#.#####.#
#.#.......##
#######..#
#..# #..#
.#####..#
........#
...###♣## .
#.W..#
........
#........
#........
#........
#........


You could see GsBirdie's ghost.

Vanquished Creatures
  A big kobold (D:4)
  A bullfrog (D:6)
  A scorpion (D:5)
  4 crimson imps (D:5)
  2 iguanas
  2 hounds
  2 orc wizards
  Natasha (twice) (D:3)
  2 worker ants (D:4)
  Terence (D:3)
  12 adders
  4 gnolls
  A howler monkey skeleton (D:5)
  A shadow imp (D:2)
  An ooze (D:2)
  An adder zombie (D:5)
  2 adder skeletons (D:4)
  4 worms
  6 dart slugs
  3 leopard geckos
  8 orcs
  A ball python (D:4)
  7 bats
  4 giant cockroaches
  10 hobgoblins
  14 jackals
  4 frilled lizards
  6 goblins
  A jackal skeleton (D:4)
  17 kobolds
  14 rats
139 creatures vanquished.

Notes
Turn   | Place    | Note
-------+----------+-------------------------------------------
     0 | D:1      | Flanowski the Demonspawn Gladiator began the quest for the Orb.
     0 | D:1      | Reached XP level 1. HP: 16/16 MP: 1/1
    38 | D:1      | Gained mutation: You have large cloven feet. [demonic ancestry]
    38 | D:1      | Reached XP level 2. HP: 14/23 MP: 2/2
   192 | D:1      | Reached skill level 3 in Long Blades
   632 | D:1      | Gained mutation: You have hoof-like feet. [demonic ancestry]
   632 | D:1      | Reached XP level 3. HP: 28/28 MP: 3/3
  1353 | D:2      | Gained mutation: You are slightly more attuned to the shadows. [demonic ancestry]
  1353 | D:2      | Reached XP level 4. HP: 17/35 MP: 4/4
  2066 | D:2      | Reached skill level 4 in Long Blades
  2281 | D:2      | Gained mutation: You have hooves in place of feet. [demonic ancestry]
  2281 | D:2      | Reached XP level 5. HP: 33/42 MP: 5/5
  2763 | D:3      | Noticed Terence
  3036 | D:3      | Killed Terence
  3076 | D:3      | Noticed Natasha
  3080 | D:3      | Killed Natasha
  3142 | D:3      | Found a glowing golden altar of the Shining One.
  3255 | D:3      | Noticed Natasha
  3264 | D:3      | Killed Natasha
  3264 | D:3      | Reached skill level 5 in Long Blades
  3565 | D:4      | Gained mutation: You are partially covered in slimy green scales. (AC +2) [demonic ancestry]
  3565 | D:4      | Reached XP level 6. HP: 43/49 MP: 6/6
  3937 | D:4      | Got a slimy iron ring
  3939 | D:4      | Identified the ring of Fyladd {rC+ rN+ Str-3 Int+2 Slay+2} (You found it on level 4 of the Dungeon)
  4403 | D:5      | Entered Level 5 of the Dungeon
  4407 | D:5      | Reached skill level 5 in Fighting
  4407 | D:5      | Reached XP level 7. HP: 56/56 MP: 7/7
  4518 | D:5      | Reached skill level 6 in Long Blades
  5026 | D:6      | Noticed GsBirdie's ghost (novice MiBe)
  5031 | D:6      | Gained mutation: Your body sometimes deteriorates upon taking damage. [potion of mutation]
  5031 | D:6      | Gained mutation: You are frail. (-10% HP) [potion of mutation]
  5031 | D:6      | Lost mutation: You are frail. (-10% HP) [potion of mutation]
  5060 | D:6      | HP: 1/127 [GsBirdie's ghost (12)]
  5063 | D:6      | Slain by GsBirdie's ghost

Vault maps used:
D:1:      enne_arrival_octagon_isle, hangedman_feature_mirror
D:2:      kb_forest_paths, grunt_ministairs_15
D:3:      first_bread, lemuel_tele_altar, uniq_terence, uniq_natasha
D:4:      cheibrodos_thug_alley
D:6:      elyvilon_altar_5, kennysheep_mini, minivault_27

Skill      XL: |  1  2  3  4  5  6  7 |
---------------+----------------------+-----
Long Blades    | 3 4 5 6 |  6.8
Fighting       | 3 4 5 |  5.8
Dodging        | 3 |  3.1
Throwing       | |  1.7
Armour         | |  0.5

Action                   |  1- 3 |  4- 6 |  7- 9 || total
-------------------------+-------+-------+-------++-------
Melee: Long sword        |   115 |   237 |   148 ||   500
       Kick              |    14 |    75 |    29 ||   118
  Use: Scroll            |       |     5 |       ||     5
       Potion            |       |       |     5 ||     5
 Stab: Sleeping          |       |     4 |       ||     4
  Eat: Chunk             |     2 |    10 |     2 ||    14
Armor: Leather armour    |    27 |    34 |       ||    61
       Chain mail        |       |    53 |       ||    53
       Plate armour      |       |    64 |    89 ||   153
       Skin              |       |       |    14 ||    14
Dodge: Dodged            |    97 |   128 |    28 ||   253
       Rpst.: Long sword |    24 |    52 |     5 ||    81
